Lightning vs Rangers

Created - February 21, 2024 at 20:57

Goals
1 2 3 OT1 T
Lightning 0 2 1 0 3
Rangers 1 1 1 1 4
Shots
1 2 3 OT1 T
Lightning 10 24 8 3 45
Rangers 7 12 8 5 32

GoalsPenalties
1st period
1. Rangers , Juuso Parssinen 7 (Riley Stillman 13) at 17:54
Luke Kunin (NYR) for Tripping (Minor) at 2:21
2nd period
2. Rangers , Anthony Beauvillier 16 (Nick Bonino 22, Caleb Jones 15) at 1:03
3. Lightning , Jeff Skinner 22 (John Klingberg 32) at 3:49 (PP)
4. Lightning , Patrice Bergeron 23 (Ben Chiarot 20, Kevin Shattenkirk 23) at 8:44 (PP)
Luke Kunin (NYR) for Hooking (Minor) at 2:59
Tyler Toffoli (TBL) for Boarding (Minor) at 5:21
Juuso Parssinen (NYR) for Interference (Minor) at 7:33
Luke Schenn (NYR) for Roughing (Minor) at 8:10
3rd period
5. Lightning , Brandon Montour 11 (Brock Nelson 20, John Klingberg 33) at 5:35 (PP)
6. Rangers , Patrik Laine 21 (Luke Kunin 7, Caleb Jones 16) at 15:17
Martin Fehervary (NYR) for Tripping (Minor) at 3:47
Alex Killorn (TBL) for Hooking (Minor) at 11:30
Overtime #1
7. Rangers , Eric Robinson 11 (Nick Bonino 23, Luke Schenn 15) at 3:39
No Penalty
Goalie Stats
Jacob Markstrom (TBL), 28 saves from 32 shots - (0.875), OTL, 27-16-6, 63:40 minutes
Joel Hofer (NYR), 42 saves from 45 shots - (0.933), W, 2-4-0, 63:40 minutes
3 StarsOfficial
1 - Riley Stillman (NYR)
2 - Caleb Jones (NYR)
3 - Nick Bonino (NYR)
Referees : Dean Morton and TJ Luxmore
Linesman : Derek Amell and Neil Campbell
Game Note
No Game Note
Finance
Level 1 -- Attendance: 6177 (95.03%) -- Ticket Income $710,355
Level 2 -- Attendance: 3802 (76.04%) -- Ticket Income $361,190
Level 3 -- Attendance: 3119 (89.11%) -- Ticket Income $218,330
Level 4 -- Attendance: 2006 (100.00%) -- Ticket Income $100,300
Luxury Box -- Attendance: 961 (96.10%) -- Ticket Income $192,200
Game was played at the Madison Square Garden.
Total Attendance: 16065 (89.22%)
Total Ticket Income: $1,582,375
Other Income: $395,594
Total Income: $1,977,969



Team Name Goals Shots Shots Attemp Shots Blocked PIM HIT PP PK FO%
Lightning 34592114223 / 5 (60%)056%
Rangers 432591410300 / 2 (0%)344%

Lightning
Player Name POS G A P +/- PIM HIT SHT SB MP PP MP PP SHT PK MP PK SHT FO% FOT
Alex KillornLW000-1202010:290:0000:0000% 0
Andrew PeekeD000-1021013:370:0000:0000% 0
Barclay GoodrowC000000107:390:0000:4400% 1
Ben ChiarotD0110031120:373:1602:2000% 0
Brandon MontourD101-3034227:043:5731:3800% 0
Brock NelsonC011-2035121:344:1310:02058% 26
Dawson MercerC000000109:120:0000:0000% 0
Erik HaulaLW0000001010:070:0003:120100% 1
Jeff SkinnerLW101-1014021:253:0020:020100% 1
John KlingbergD022-2002228:083:5721:3800% 0
Kaiden GuhleD000-1011113:370:0000:0000% 0
Kevin ShattenkirkD0110004320:373:1642:2000% 0
Patrice BergeronC101-2028023:164:1310:00055% 40
Ryan StromeC000000109:560:0000:44064% 14
Sam BennettC000-2052020:544:1300:0000% 1
Teddy BluegerC0000001010:070:0003:12056% 16
Tyler ToffoliRW000-1222119:003:0000:0000% 0
William KarlssonC000-2004019:413:0010:00045% 11
Rangers
Player Name POS G A P +/- PIM HIT SHT SB MP PP MP PP SHT PK MP PK SHT FO% FOT
Anthony BeauvillierLW1011005015:561:2120:10050% 2
Caleb JonesD0223000019:571:2103:3300% 0
Casey MittelstadtC0000003015:001:2101:39061% 18
Eric RobinsonLW1011023013:260:0000:0000% 1
Jack QuinnRW0001011013:321:2100:0000% 0
Justin DanforthRW0000020012:000:0000:0000% 0
Juuso ParssinenC1011212115:410:0002:16038% 21
Kent JohnsonC0001011015:460:0002:20033% 9
Luke KuninC0111482011:100:0000:00050% 18
Luke SchennD0111240223:492:2902:5800% 0
Mario FerraroD0000001220:240:0800:5100% 0
Martin FehervaryD0000250216:490:0000:0000% 0
Nathan WalkerLW0001012015:460:0002:20050% 2
Nick BoninoC0222004217:122:3710:58046% 28
Patrik LaineLW1011004016:032:3710:00013% 8
Riley StillmanD0113042221:512:3724:2600% 0
Sebastien AhoD0000001320:481:2112:3700% 0
Yegor ChinakhovRW0001011017:582:3704:09050% 4



Play-by-Play

1st period


0:01 of 1st period - Luke Kunin wins face-off versus William Karlsson in neutral zone.
0:04 of 1st period - Shot by Yegor Chinakhov.
0:04 of 1st period - Stopped by Jacob Markstrom without a rebound.
0:05 of 1st period - Nick Bonino wins face-off versus Brock Nelson in Lightning zone.
0:10 of 1st period - Shot by Anthony Beauvillier.
0:10 of 1st period - Shot Blocked by Kevin Shattenkirk.
0:24 of 1st period - Shot by Brock Nelson.
0:24 of 1st period - Stopped by Joel Hofer without a rebound.
0:25 of 1st period - Patrice Bergeron wins face-off versus Casey Mittelstadt in Rangers zone.
0:46 of 1st period - Shot by Patrice Bergeron.
0:46 of 1st period - Shot Blocked by Sebastien Aho.
2:13 of 1st period - Mario Ferraro is hit by Tyler Toffoli and loses puck.
2:21 of 1st period - Minor Penalty to Luke Kunin for Tripping.
2:22 of 1st period - Casey Mittelstadt wins face-off versus William Karlsson in Rangers zone.
2:31 of 1st period - Shot by John Klingberg.
2:31 of 1st period - Stopped by Joel Hofer without a rebound.
2:32 of 1st period - Patrice Bergeron wins face-off versus Juuso Parssinen in Rangers zone.
3:01 of 1st period - Shot by Ben Chiarot.
3:01 of 1st period - Shot Misses the Net.
3:03 of 1st period - Shot by Kevin Shattenkirk.
3:03 of 1st period - Stopped by Joel Hofer without a rebound.
3:04 of 1st period - Jeff Skinner wins face-off versus Juuso Parssinen in Rangers zone.
3:19 of 1st period - Shot by Tyler Toffoli.
3:19 of 1st period - Shot Misses the Net.
3:21 of 1st period - Shot by John Klingberg.
3:21 of 1st period - Stopped by Joel Hofer without a rebound.
3:22 of 1st period - Patrice Bergeron wins face-off versus Kent Johnson in Rangers zone.
4:25 of 1st period - Icing by Erik Haula.
4:26 of 1st period - Erik Haula wins face-off versus Nick Bonino in Lightning zone.
4:44 of 1st period - Icing by Caleb Jones.
4:45 of 1st period - Nick Bonino wins face-off versus Ryan Strome in Rangers zone.
4:53 of 1st period - Shot by Dawson Mercer.
4:53 of 1st period - Stopped by Joel Hofer without a rebound.
4:54 of 1st period - Brock Nelson wins face-off versus Luke Kunin in Rangers zone.
4:54 of 1st period - Brock Nelson is hit by Luke Schenn.
5:19 of 1st period - John Klingberg is hit by Luke Kunin.
5:24 of 1st period - Brock Nelson is hit by Luke Schenn and loses puck.
5:29 of 1st period - Shot by Brock Nelson.
5:29 of 1st period - Shot Blocked by Mario Ferraro.
5:38 of 1st period - Icing by Mario Ferraro.
5:39 of 1st period - Patrice Bergeron wins face-off versus Luke Kunin in Rangers zone.
6:17 of 1st period - William Karlsson is hit by Riley Stillman and loses puck.
6:31 of 1st period - Icing by Nick Bonino.
6:32 of 1st period - Teddy Blueger wins face-off versus Nick Bonino in Rangers zone.
6:32 of 1st period - Teddy Blueger is hit by Riley Stillman.
6:40 of 1st period - Shot by Brandon Montour.
6:40 of 1st period - Stopped by Joel Hofer without a rebound.
6:41 of 1st period - Juuso Parssinen wins face-off versus Brock Nelson in Rangers zone.
6:41 of 1st period - Sebastien Aho is hit by Brock Nelson and loses puck.
6:45 of 1st period - Icing by Martin Fehervary.
6:46 of 1st period - Brock Nelson wins face-off versus Kent Johnson in Rangers zone.
7:06 of 1st period - Shot by Brock Nelson.
7:06 of 1st period - Stopped by Joel Hofer without a rebound.
7:07 of 1st period - Casey Mittelstadt wins face-off versus Patrice Bergeron in Rangers zone.
7:07 of 1st period - Casey Mittelstadt is hit by Sam Bennett.
8:08 of 1st period - Icing by Kevin Shattenkirk.
8:09 of 1st period - Juuso Parssinen wins face-off versus Patrice Bergeron in Lightning zone.
8:15 of 1st period - Off-side.
8:16 of 1st period - Yegor Chinakhov wins face-off versus Brock Nelson in neutral zone.
8:46 of 1st period - Brandon Montour is hit by Luke Kunin and loses puck.
8:58 of 1st period - Icing by Patrik Laine.
8:59 of 1st period - Teddy Blueger wins face-off versus Yegor Chinakhov in Rangers zone.
9:27 of 1st period - Shot by Teddy Blueger.
9:27 of 1st period - Deflect By Barclay Goodrow.
9:27 of 1st period - Stopped by Joel Hofer with a rebound.
9:40 of 1st period - Shot by Teddy Blueger.
9:40 of 1st period - Shot Misses the Net.
9:49 of 1st period - Icing by Mario Ferraro.
9:50 of 1st period - Patrice Bergeron wins face-off versus Nathan Walker in Rangers zone.
9:53 of 1st period - Shot by Patrice Bergeron.
9:53 of 1st period - Shot Blocked by Luke Schenn.
10:01 of 1st period - Shot by Patrice Bergeron.
10:01 of 1st period - Stopped by Joel Hofer without a rebound.
10:02 of 1st period - Brock Nelson wins face-off versus Nick Bonino in Rangers zone.
10:03 of 1st period - Shot by Tyler Toffoli.
10:03 of 1st period - Shot Misses the Net.
10:05 of 1st period - Shot by Ben Chiarot.
10:05 of 1st period - Stopped by Joel Hofer without a rebound.
10:06 of 1st period - Brock Nelson wins face-off versus Nick Bonino in Rangers zone.
10:47 of 1st period - Shot by Tyler Toffoli.
10:47 of 1st period - Deflect By Brock Nelson.
10:47 of 1st period - Shot Misses the Net.
11:05 of 1st period - Nick Bonino is hit by Sam Bennett and loses puck.
11:35 of 1st period - Kevin Shattenkirk is hit by Justin Danforth and loses puck.
11:49 of 1st period - Shot by Eric Robinson.
11:49 of 1st period - Deflect By Casey Mittelstadt.
11:49 of 1st period - Stopped by Jacob Markstrom with a rebound.
12:17 of 1st period - Ryan Strome is hit by Luke Schenn and loses puck.
12:40 of 1st period - Shot by Alex Killorn.
12:40 of 1st period - Shot Blocked by Mario Ferraro.
13:06 of 1st period - Shot by Jeff Skinner.
13:06 of 1st period - Shot Misses the Net.
14:06 of 1st period - Shot by Yegor Chinakhov.
14:06 of 1st period - Shot Misses the Net.
14:08 of 1st period - Shot by Luke Kunin.
14:08 of 1st period - Shot Blocked by Brandon Montour.
14:10 of 1st period - Shot by Luke Kunin.
14:10 of 1st period - Stopped by Jacob Markstrom with a rebound.
14:12 of 1st period - Shot by Luke Kunin.
14:12 of 1st period - Stopped by Jacob Markstrom without a rebound.
14:13 of 1st period - Patrice Bergeron wins face-off versus Nick Bonino in Lightning zone.
14:13 of 1st period - Patrice Bergeron is hit by Jack Quinn.
14:55 of 1st period - Off-side.
14:56 of 1st period - Teddy Blueger wins face-off versus Patrik Laine in neutral zone.
15:05 of 1st period - Andrew Peeke is hit by Luke Kunin and loses puck.
15:20 of 1st period - Shot by Patrik Laine.
15:20 of 1st period - Shot Misses the Net.
15:49 of 1st period - Icing by Mario Ferraro.
15:50 of 1st period - Patrice Bergeron wins face-off versus Luke Kunin in Rangers zone.
16:04 of 1st period - Icing by Mario Ferraro.
16:05 of 1st period - Luke Kunin wins face-off versus Ryan Strome in Rangers zone.
16:27 of 1st period - Icing by Brandon Montour.
16:28 of 1st period - Casey Mittelstadt wins face-off versus Ryan Strome in Lightning zone.
16:47 of 1st period - Dawson Mercer is hit by Justin Danforth and loses puck.
17:25 of 1st period - Icing by Nathan Walker.
17:26 of 1st period - Juuso Parssinen wins face-off versus Brock Nelson in Rangers zone.
17:26 of 1st period - Juuso Parssinen is hit by Andrew Peeke.
17:33 of 1st period - Nathan Walker is hit by Kaiden Guhle and loses puck.
17:40 of 1st period - Shot by Juuso Parssinen.
17:40 of 1st period - Stopped by Jacob Markstrom without a rebound.
17:41 of 1st period - Nick Bonino wins face-off versus Patrice Bergeron in Lightning zone.
17:48 of 1st period - Shot by Nick Bonino.
17:48 of 1st period - Stopped by Jacob Markstrom without a rebound.
17:49 of 1st period - Juuso Parssinen wins face-off versus Patrice Bergeron in Lightning zone.
17:54 of 1st period - Shot by Juuso Parssinen.
17:54 of 1st period - Goal by Juuso Parssinen - Lightning : 0 - Rangers : 1.
17:55 of 1st period - Nathan Walker wins face-off versus William Karlsson in neutral zone.
17:55 of 1st period - Nathan Walker is hit by Sam Bennett.
18:26 of 1st period - Riley Stillman is hit by Patrice Bergeron and loses puck.
19:24 of 1st period - Icing by Kevin Shattenkirk.
19:25 of 1st period - Brock Nelson wins face-off versus Casey Mittelstadt in Lightning zone.
Goals for this period are 0 for Lightning vs 1 for Rangers.
Shots for this period are 10 for Lightning vs 7 for Rangers.

2nd period


0:01 of 2nd period - Patrice Bergeron wins face-off versus Luke Kunin in neutral zone.
0:01 of 2nd period - Patrice Bergeron is hit by Luke Kunin.
0:04 of 2nd period - Brandon Montour is hit by Martin Fehervary and loses puck.
0:27 of 2nd period - Shot by William Karlsson.
0:27 of 2nd period - Stopped by Joel Hofer without a rebound.
0:28 of 2nd period - Brock Nelson wins face-off versus Nick Bonino in Rangers zone.
0:35 of 2nd period - Shot by Jeff Skinner.
0:35 of 2nd period - Shot Misses the Net.
0:45 of 2nd period - Shot by Nick Bonino.
0:45 of 2nd period - Shot Misses the Net.
0:49 of 2nd period - Shot by Anthony Beauvillier.
0:49 of 2nd period - Shot Blocked by Kaiden Guhle.
1:03 of 2nd period - Shot by Anthony Beauvillier.
1:03 of 2nd period - Goal by Anthony Beauvillier - Lightning : 0 - Rangers : 2.
1:04 of 2nd period - Yegor Chinakhov wins face-off versus Patrice Bergeron in neutral zone.
1:16 of 2nd period - Off-side.
1:17 of 2nd period - Ryan Strome wins face-off versus Casey Mittelstadt in neutral zone.
1:37 of 2nd period - Icing by Luke Schenn.
1:38 of 2nd period - Casey Mittelstadt wins face-off versus Patrice Bergeron in Rangers zone.
1:48 of 2nd period - Icing by Eric Robinson.
1:49 of 2nd period - Casey Mittelstadt wins face-off versus Brock Nelson in Rangers zone.
2:52 of 2nd period - Shot by Nick Bonino.
2:52 of 2nd period - Stopped by Jacob Markstrom without a rebound.
2:53 of 2nd period - Luke Kunin wins face-off versus Teddy Blueger in Lightning zone.
2:59 of 2nd period - Minor Penalty to Luke Kunin for Hooking.
3:00 of 2nd period - Patrice Bergeron wins face-off versus Kent Johnson in Rangers zone.
3:03 of 2nd period - Shot by Brock Nelson.
3:03 of 2nd period - Shot Hit the Post.
3:05 of 2nd period - Shot by Kevin Shattenkirk.
3:05 of 2nd period - Shot Misses the Net.
3:07 of 2nd period - Shot by Brock Nelson.
3:07 of 2nd period - Stopped by Joel Hofer without a rebound.
3:08 of 2nd period - Kent Johnson wins face-off versus Patrice Bergeron in Rangers zone.
3:35 of 2nd period - Shot by Kevin Shattenkirk.
3:35 of 2nd period - Stopped by Joel Hofer without a rebound.
3:36 of 2nd period - William Karlsson wins face-off versus Kent Johnson in Rangers zone.
3:49 of 2nd period - Shot by Jeff Skinner.
3:49 of 2nd period - Goal by Jeff Skinner - Lightning : 1 - Rangers : 2.
3:50 of 2nd period - Teddy Blueger wins face-off versus Juuso Parssinen in neutral zone.
4:27 of 2nd period - Shot by Erik Haula.
4:27 of 2nd period - Stopped by Joel Hofer without a rebound.
4:28 of 2nd period - Patrice Bergeron wins face-off versus Luke Kunin in Rangers zone.
4:37 of 2nd period - Shot by Patrice Bergeron.
4:37 of 2nd period - Stopped by Joel Hofer with a rebound.
4:45 of 2nd period - Shot by Patrice Bergeron.
4:45 of 2nd period - Stopped by Joel Hofer without a rebound.
4:46 of 2nd period - Nick Bonino wins face-off versus Ryan Strome in Rangers zone.
5:02 of 2nd period - Icing by Mario Ferraro.
5:03 of 2nd period - Patrice Bergeron wins face-off versus Nick Bonino in Rangers zone.
5:06 of 2nd period - Shot by Sam Bennett.
5:06 of 2nd period - Stopped by Joel Hofer without a rebound.
5:07 of 2nd period - Patrice Bergeron wins face-off versus Luke Kunin in Rangers zone.
5:07 of 2nd period - Patrice Bergeron is hit by Riley Stillman.
5:13 of 2nd period - Shot by William Karlsson.
5:13 of 2nd period - Shot Misses the Net.
5:19 of 2nd period - Shot by William Karlsson.
5:19 of 2nd period - Stopped by Joel Hofer without a rebound.
5:20 of 2nd period - Nick Bonino wins face-off versus Brock Nelson in Rangers zone.
5:20 of 2nd period - Anthony Beauvillier is hit by Brock Nelson and loses puck.
5:21 of 2nd period - Minor Penalty to Tyler Toffoli for Boarding.
5:22 of 2nd period - Teddy Blueger wins face-off versus Nick Bonino in Lightning zone.
5:33 of 2nd period - Shot by Nick Bonino.
5:33 of 2nd period - Shot Blocked by Ben Chiarot.
5:48 of 2nd period - Nick Bonino is hit by Ben Chiarot and loses puck.
6:01 of 2nd period - Shot by Riley Stillman.
6:01 of 2nd period - Stopped by Jacob Markstrom without a rebound.
6:02 of 2nd period - Casey Mittelstadt wins face-off versus Teddy Blueger in Lightning zone.
6:03 of 2nd period - Shot by Sebastien Aho.
6:03 of 2nd period - Shot Misses the Net.
6:05 of 2nd period - Shot by Anthony Beauvillier.
6:05 of 2nd period - Stopped by Jacob Markstrom without a rebound.
6:06 of 2nd period - Casey Mittelstadt wins face-off versus Teddy Blueger in Lightning zone.
6:06 of 2nd period - Casey Mittelstadt is hit by Brandon Montour.
6:20 of 2nd period - Shot by Anthony Beauvillier.
6:20 of 2nd period - Stopped by Jacob Markstrom without a rebound.
6:21 of 2nd period - Nick Bonino wins face-off versus Teddy Blueger in Lightning zone.
6:41 of 2nd period - Nick Bonino is hit by Brandon Montour and loses puck.
7:13 of 2nd period - Patrik Laine is hit by Ben Chiarot and loses puck.
7:33 of 2nd period - Minor Penalty to Juuso Parssinen for Interference.
7:34 of 2nd period - Kent Johnson wins face-off versus William Karlsson in Rangers zone.
8:05 of 2nd period - Shot by Brandon Montour.
8:05 of 2nd period - Stopped by Joel Hofer without a rebound.
8:06 of 2nd period - Casey Mittelstadt wins face-off versus Patrice Bergeron in Rangers zone.
8:06 of 2nd period - Luke Schenn is hit by Sam Bennett and loses puck.
8:10 of 2nd period - Minor Penalty to Luke Schenn for Roughing.
8:11 of 2nd period - Casey Mittelstadt wins face-off versus Patrice Bergeron in Rangers zone.
8:20 of 2nd period - Shot by Casey Mittelstadt.
8:20 of 2nd period - Shot Misses the Net.
8:38 of 2nd period - Shot by Brock Nelson.
8:38 of 2nd period - Shot Misses the Net.
8:40 of 2nd period - Shot by Kevin Shattenkirk.
8:40 of 2nd period - Stopped by Joel Hofer with a rebound.
8:42 of 2nd period - Shot by Ben Chiarot.
8:42 of 2nd period - Shot Misses the Net.
8:44 of 2nd period - Shot by Patrice Bergeron.
8:44 of 2nd period - Goal by Patrice Bergeron - Lightning : 2 - Rangers : 2.
8:45 of 2nd period - Juuso Parssinen wins face-off versus William Karlsson in neutral zone.
8:51 of 2nd period - Icing by Brandon Montour.
8:52 of 2nd period - William Karlsson wins face-off versus Juuso Parssinen in Lightning zone.
9:09 of 2nd period - Shot by William Karlsson.
9:09 of 2nd period - Stopped by Joel Hofer without a rebound.
9:10 of 2nd period - Patrice Bergeron wins face-off versus Kent Johnson in Rangers zone.
9:11 of 2nd period - Shot by Brock Nelson.
9:11 of 2nd period - Shot Misses the Net.
9:27 of 2nd period - Shot by Kevin Shattenkirk.
9:27 of 2nd period - Stopped by Joel Hofer without a rebound.
9:28 of 2nd period - William Karlsson wins face-off versus Kent Johnson in Rangers zone.
9:35 of 2nd period - Shot by William Karlsson.
9:35 of 2nd period - Shot Misses the Net.
9:37 of 2nd period - Shot by Brandon Montour.
9:37 of 2nd period - Stopped by Joel Hofer without a rebound.
9:38 of 2nd period - Patrice Bergeron wins face-off versus Juuso Parssinen in Rangers zone.
9:39 of 2nd period - Shot by John Klingberg.
9:39 of 2nd period - Shot Blocked by Juuso Parssinen.
10:17 of 2nd period - Shot by Alex Killorn.
10:17 of 2nd period - Shot Misses the Net.
10:19 of 2nd period - Shot by Alex Killorn.
10:19 of 2nd period - Stopped by Joel Hofer without a rebound.
10:20 of 2nd period - Teddy Blueger wins face-off versus Nick Bonino in Rangers zone.
11:01 of 2nd period - Shot by Teddy Blueger.
11:01 of 2nd period - Stopped by Joel Hofer without a rebound.
11:02 of 2nd period - Luke Kunin wins face-off versus Patrice Bergeron in Rangers zone.
11:04 of 2nd period - Icing by Patrik Laine.
11:05 of 2nd period - Luke Kunin wins face-off versus Patrice Bergeron in Rangers zone.
11:15 of 2nd period - Patrice Bergeron is hit by Riley Stillman and loses puck.
11:19 of 2nd period - Icing by Caleb Jones.
11:20 of 2nd period - Luke Kunin wins face-off versus Brock Nelson in Rangers zone.
11:32 of 2nd period - Icing by Andrew Peeke.
11:33 of 2nd period - Brock Nelson wins face-off versus Juuso Parssinen in Lightning zone.
11:45 of 2nd period - Icing by Kent Johnson.
11:46 of 2nd period - Juuso Parssinen wins face-off versus Patrice Bergeron in Rangers zone.
12:02 of 2nd period - Shot by Kent Johnson.
12:02 of 2nd period - Stopped by Jacob Markstrom without a rebound.
12:03 of 2nd period - Brock Nelson wins face-off versus Luke Kunin in Lightning zone.
12:08 of 2nd period - Shot by Yegor Chinakhov.
12:08 of 2nd period - Shot Blocked by Kevin Shattenkirk.
12:30 of 2nd period - Shot by Brock Nelson.
12:30 of 2nd period - Deflect By Tyler Toffoli.
12:30 of 2nd period - Shot Misses the Net.
12:57 of 2nd period - Sam Bennett is hit by Luke Kunin and loses puck.
13:03 of 2nd period - Off-side.
13:04 of 2nd period - Ryan Strome wins face-off versus Casey Mittelstadt in neutral zone.
13:20 of 2nd period - Alex Killorn is hit by Martin Fehervary and loses puck.
13:35 of 2nd period - Shot by Alex Killorn.
13:35 of 2nd period - Shot Blocked by Martin Fehervary.
13:37 of 2nd period - Shot by Alex Killorn.
13:37 of 2nd period - Shot Misses the Net.
13:39 of 2nd period - Shot by Ryan Strome.
13:39 of 2nd period - Stopped by Joel Hofer without a rebound.
13:40 of 2nd period - Kent Johnson wins face-off versus Patrice Bergeron in Rangers zone.
13:40 of 2nd period - Kent Johnson is hit by Sam Bennett.
14:17 of 2nd period - Shot by Nathan Walker.
14:17 of 2nd period - Stopped by Jacob Markstrom without a rebound.
14:18 of 2nd period - Anthony Beauvillier wins face-off versus Brock Nelson in Lightning zone.
14:26 of 2nd period - Nick Bonino is hit by Brandon Montour and loses puck.
15:03 of 2nd period - Shot by John Klingberg.
15:03 of 2nd period - Shot Blocked by Nick Bonino.
15:06 of 2nd period - Icing by Riley Stillman.
15:07 of 2nd period - Patrice Bergeron wins face-off versus Nick Bonino in Rangers zone.
15:16 of 2nd period - Shot by Sam Bennett.
15:16 of 2nd period - Stopped by Joel Hofer without a rebound.
15:17 of 2nd period - Ryan Strome wins face-off versus Eric Robinson in Rangers zone.
15:29 of 2nd period - Casey Mittelstadt is hit by Ben Chiarot and loses puck.
15:44 of 2nd period - Shot by Casey Mittelstadt.
15:44 of 2nd period - Stopped by Jacob Markstrom without a rebound.
15:45 of 2nd period - Patrice Bergeron wins face-off versus Juuso Parssinen in Lightning zone.
16:04 of 2nd period - Shot by Mario Ferraro.
16:04 of 2nd period - Stopped by Jacob Markstrom without a rebound.
16:05 of 2nd period - Brock Nelson wins face-off versus Patrik Laine in Lightning zone.
16:10 of 2nd period - Shot by Patrik Laine.
16:10 of 2nd period - Shot Misses the Net.
16:24 of 2nd period - Patrik Laine is hit by Brock Nelson and loses puck.
16:42 of 2nd period - Icing by Martin Fehervary.
16:43 of 2nd period - Luke Kunin wins face-off versus Patrice Bergeron in Rangers zone.
16:43 of 2nd period - Luke Kunin is hit by Patrice Bergeron.
16:58 of 2nd period - Off-side.
16:59 of 2nd period - Casey Mittelstadt wins face-off versus Teddy Blueger in neutral zone.
17:08 of 2nd period - Shot by Casey Mittelstadt.
17:08 of 2nd period - Shot Misses the Net.
17:12 of 2nd period - Shot by Eric Robinson.
17:12 of 2nd period - Deflect By Justin Danforth.
17:12 of 2nd period - Shot Misses the Net.
17:14 of 2nd period - Shot by Mario Ferraro.
17:14 of 2nd period - Shot Misses the Net.
17:16 of 2nd period - Shot by Casey Mittelstadt.
17:16 of 2nd period - Stopped by Jacob Markstrom with a rebound.
17:54 of 2nd period - Icing by Barclay Goodrow.
17:55 of 2nd period - Nick Bonino wins face-off versus Barclay Goodrow in Lightning zone.
18:20 of 2nd period - Shot by Jack Quinn.
18:20 of 2nd period - Stopped by Jacob Markstrom without a rebound.
18:21 of 2nd period - Juuso Parssinen wins face-off versus Sam Bennett in Lightning zone.
18:31 of 2nd period - Off-side.
18:32 of 2nd period - Brock Nelson wins face-off versus Yegor Chinakhov in neutral zone.
18:39 of 2nd period - Shot by Patrik Laine.
18:39 of 2nd period - Shot Blocked by John Klingberg.
18:50 of 2nd period - Tyler Toffoli is hit by Luke Kunin and loses puck.
18:57 of 2nd period - Shot by Brock Nelson.
18:57 of 2nd period - Stopped by Joel Hofer without a rebound.
18:58 of 2nd period - William Karlsson wins face-off versus Juuso Parssinen in Rangers zone.
19:01 of 2nd period - Shot by Patrice Bergeron.
19:01 of 2nd period - Stopped by Joel Hofer without a rebound.
19:02 of 2nd period - Juuso Parssinen wins face-off versus Patrice Bergeron in Rangers zone.
19:11 of 2nd period - Shot by Nathan Walker.
19:11 of 2nd period - Stopped by Jacob Markstrom with a rebound.
19:23 of 2nd period - Shot by Patrice Bergeron.
19:23 of 2nd period - Shot Blocked by Riley Stillman.
19:25 of 2nd period - Shot by Sam Bennett.
19:25 of 2nd period - Shot Misses the Net.
19:27 of 2nd period - Shot by Ben Chiarot.
19:27 of 2nd period - Shot Hit the Post.
19:31 of 2nd period - Shot by Patrice Bergeron.
19:31 of 2nd period - Stopped by Joel Hofer with a rebound.
19:33 of 2nd period - Shot by William Karlsson.
19:33 of 2nd period - Deflect By Patrice Bergeron.
19:33 of 2nd period - Stopped by Joel Hofer without a rebound.
19:34 of 2nd period - Brock Nelson wins face-off versus Anthony Beauvillier in Rangers zone.
19:41 of 2nd period - Shot by Brock Nelson.
19:41 of 2nd period - Deflect By Jeff Skinner.
19:41 of 2nd period - Stopped by Joel Hofer without a rebound.
19:42 of 2nd period - Brock Nelson wins face-off versus Nick Bonino in Rangers zone.
19:55 of 2nd period - Shot by Brock Nelson.
19:55 of 2nd period - Shot Misses the Net.
Goals for this period are 2 for Lightning vs 1 for Rangers.
Shots for this period are 24 for Lightning vs 12 for Rangers.

3rd period


0:01 of 3rd period - Casey Mittelstadt wins face-off versus Patrice Bergeron in neutral zone.
1:01 of 3rd period - Kevin Shattenkirk is hit by Eric Robinson and loses puck.
1:18 of 3rd period - Shot by Anthony Beauvillier.
1:18 of 3rd period - Shot Blocked by Kevin Shattenkirk.
1:20 of 3rd period - Shot by Nick Bonino.
1:20 of 3rd period - Shot Hit the Post.
1:22 of 3rd period - Shot by Nick Bonino.
1:22 of 3rd period - Stopped by Jacob Markstrom without a rebound.
1:23 of 3rd period - Ryan Strome wins face-off versus Juuso Parssinen in Lightning zone.
1:29 of 3rd period - Icing by Andrew Peeke.
1:30 of 3rd period - Ryan Strome wins face-off versus Juuso Parssinen in Lightning zone.
2:22 of 3rd period - Icing by Martin Fehervary.
2:23 of 3rd period - Patrice Bergeron wins face-off versus Juuso Parssinen in Rangers zone.
2:23 of 3rd period - John Klingberg is hit by Martin Fehervary and loses puck.
2:47 of 3rd period - William Karlsson is hit by Martin Fehervary and loses puck.
3:03 of 3rd period - Shot by William Karlsson.
3:03 of 3rd period - Shot Misses the Net.
3:05 of 3rd period - Shot by John Klingberg.
3:05 of 3rd period - Shot Blocked by Sebastien Aho.
3:07 of 3rd period - Shot by Patrice Bergeron.
3:07 of 3rd period - Shot Misses the Net.
3:17 of 3rd period - Martin Fehervary is hit by Tyler Toffoli and loses puck.
3:38 of 3rd period - Shot by Brock Nelson.
3:38 of 3rd period - Shot Misses the Net.
3:42 of 3rd period - Shot by Jeff Skinner.
3:42 of 3rd period - Shot Blocked by Martin Fehervary.
3:47 of 3rd period - Minor Penalty to Martin Fehervary for Tripping.
3:48 of 3rd period - Brock Nelson wins face-off versus Casey Mittelstadt in Rangers zone.
3:51 of 3rd period - Shot by John Klingberg.
3:51 of 3rd period - Shot Blocked by Riley Stillman.
4:15 of 3rd period - Shot by Patrice Bergeron.
4:15 of 3rd period - Shot Misses the Net.
4:17 of 3rd period - Shot by John Klingberg.
4:17 of 3rd period - Shot Misses the Net.
4:43 of 3rd period - Shot by Jeff Skinner.
4:43 of 3rd period - Stopped by Joel Hofer without a rebound.
4:44 of 3rd period - Nick Bonino wins face-off versus William Karlsson in Rangers zone.
5:33 of 3rd period - Shot by Brock Nelson.
5:33 of 3rd period - Shot Misses the Net.
5:35 of 3rd period - Shot by Brandon Montour.
5:35 of 3rd period - Goal by Brandon Montour - Lightning : 3 - Rangers : 2.
5:36 of 3rd period - Ryan Strome wins face-off versus Casey Mittelstadt in neutral zone.
5:50 of 3rd period - Off-side.
5:51 of 3rd period - Nick Bonino wins face-off versus Teddy Blueger in neutral zone.
6:22 of 3rd period - Shot by Barclay Goodrow.
6:22 of 3rd period - Shot Misses the Net.
6:41 of 3rd period - Icing by Nick Bonino.
6:42 of 3rd period - Patrice Bergeron wins face-off versus Nick Bonino in Rangers zone.
6:42 of 3rd period - Patrice Bergeron is hit by Martin Fehervary.
7:50 of 3rd period - Mario Ferraro is hit by Jeff Skinner and loses puck.
8:59 of 3rd period - Shot by Ryan Strome.
8:59 of 3rd period - Deflect By Alex Killorn.
8:59 of 3rd period - Stopped by Joel Hofer with a rebound.
9:14 of 3rd period - Icing by Andrew Peeke.
9:15 of 3rd period - Luke Kunin wins face-off versus Ryan Strome in Lightning zone.
9:15 of 3rd period - Luke Kunin is hit by Andrew Peeke.
9:26 of 3rd period - Icing by Dawson Mercer.
9:27 of 3rd period - Ryan Strome wins face-off versus Nick Bonino in Lightning zone.
9:36 of 3rd period - Shot by Andrew Peeke.
9:36 of 3rd period - Stopped by Joel Hofer with a rebound.
9:38 of 3rd period - Shot by Andrew Peeke.
9:38 of 3rd period - Shot Blocked by Sebastien Aho.
9:40 of 3rd period - Shot by Kaiden Guhle.
9:40 of 3rd period - Shot Misses the Net.
10:40 of 3rd period - Shot by Patrik Laine.
10:40 of 3rd period - Shot Blocked by John Klingberg.
10:54 of 3rd period - Ben Chiarot is hit by Luke Kunin and loses puck.
11:09 of 3rd period - Shot by Tyler Toffoli.
11:09 of 3rd period - Stopped by Joel Hofer with a rebound.
11:11 of 3rd period - Shot by Tyler Toffoli.
11:11 of 3rd period - Stopped by Joel Hofer without a rebound.
11:12 of 3rd period - Ryan Strome wins face-off versus Juuso Parssinen in Rangers zone.
11:30 of 3rd period - Minor Penalty to Alex Killorn for Hooking.
11:31 of 3rd period - Teddy Blueger wins face-off versus Casey Mittelstadt in Lightning zone.
11:50 of 3rd period - Shot by Sebastien Aho.
11:50 of 3rd period - Stopped by Jacob Markstrom without a rebound.
11:51 of 3rd period - Teddy Blueger wins face-off versus Nick Bonino in Lightning zone.
11:51 of 3rd period - Teddy Blueger is hit by Yegor Chinakhov.
12:21 of 3rd period - Shot by Nick Bonino.
12:21 of 3rd period - Stopped by Jacob Markstrom with a rebound.
12:23 of 3rd period - Shot by Yegor Chinakhov.
12:23 of 3rd period - Shot Misses the Net.
13:19 of 3rd period - Shot by Riley Stillman.
13:19 of 3rd period - Stopped by Jacob Markstrom without a rebound.
13:20 of 3rd period - Nick Bonino wins face-off versus Brock Nelson in Lightning zone.
13:21 of 3rd period - Shot by Patrik Laine.
13:21 of 3rd period - Stopped by Jacob Markstrom without a rebound.
13:22 of 3rd period - Nick Bonino wins face-off versus Teddy Blueger in Lightning zone.
13:57 of 3rd period - Jeff Skinner is hit by Nathan Walker and loses puck.
14:49 of 3rd period - Shot by Nick Bonino.
14:49 of 3rd period - Deflect By Anthony Beauvillier.
14:49 of 3rd period - Shot Misses the Net.
14:53 of 3rd period - Shot by Anthony Beauvillier.
14:53 of 3rd period - Stopped by Jacob Markstrom with a rebound.
15:03 of 3rd period - Shot by Patrik Laine.
15:03 of 3rd period - Stopped by Jacob Markstrom without a rebound.
15:04 of 3rd period - William Karlsson wins face-off versus Patrik Laine in Lightning zone.
15:04 of 3rd period - Brandon Montour is hit by Luke Kunin.
15:05 of 3rd period - Icing by Brandon Montour.
15:06 of 3rd period - Luke Kunin wins face-off versus Patrice Bergeron in Lightning zone.
15:17 of 3rd period - Shot by Patrik Laine.
15:17 of 3rd period - Goal by Patrik Laine - Lightning : 3 - Rangers : 3.
15:18 of 3rd period - Teddy Blueger wins face-off versus Juuso Parssinen in neutral zone.
15:18 of 3rd period - Kevin Shattenkirk is hit by Kent Johnson and loses puck.
16:17 of 3rd period - Shot by Patrice Bergeron.
16:17 of 3rd period - Shot Misses the Net.
16:19 of 3rd period - Shot by William Karlsson.
16:19 of 3rd period - Stopped by Joel Hofer with a rebound.
17:01 of 3rd period - Ryan Strome is hit by Juuso Parssinen and loses puck.
17:10 of 3rd period - Shot by Kaiden Guhle.
17:10 of 3rd period - Stopped by Joel Hofer without a rebound.
17:11 of 3rd period - Brock Nelson wins face-off versus Luke Kunin in Rangers zone.
17:11 of 3rd period - Jeff Skinner is hit by Luke Schenn.
17:21 of 3rd period - Shot by Patrik Laine.
17:21 of 3rd period - Shot Blocked by Tyler Toffoli.
18:19 of 3rd period - Shot by Jack Quinn.
18:19 of 3rd period - Shot Blocked by Brandon Montour.
18:35 of 3rd period - Shot by Ryan Strome.
18:35 of 3rd period - Shot Misses the Net.
18:37 of 3rd period - Shot by Brandon Montour.
18:37 of 3rd period - Shot Misses the Net.
19:26 of 3rd period - Icing by John Klingberg.
19:27 of 3rd period - Ryan Strome wins face-off versus Luke Kunin in Lightning zone.
Goals for this period are 1 for Lightning vs 1 for Rangers.
Shots for this period are 8 for Lightning vs 8 for Rangers.

Overtime #1


0:01 of 1st overtime period - Patrice Bergeron wins face-off versus Patrik Laine in neutral zone.
0:16 of 1st overtime period - Shot by Jeff Skinner.
0:16 of 1st overtime period - Stopped by Joel Hofer without a rebound.
0:17 of 1st overtime period - Patrik Laine wins face-off versus Patrice Bergeron in Rangers zone.
0:28 of 1st overtime period - Shot by Patrik Laine.
0:28 of 1st overtime period - Stopped by Jacob Markstrom without a rebound.
0:29 of 1st overtime period - Patrice Bergeron wins face-off versus Patrik Laine in Lightning zone.
0:56 of 1st overtime period - Shot by Patrice Bergeron.
0:56 of 1st overtime period - Stopped by Joel Hofer without a rebound.
0:57 of 1st overtime period - Nick Bonino wins face-off versus Brock Nelson in Rangers zone.
1:03 of 1st overtime period - Shot by Eric Robinson.
1:03 of 1st overtime period - Shot Misses the Net.
1:09 of 1st overtime period - Shot by Eric Robinson.
1:09 of 1st overtime period - Stopped by Jacob Markstrom without a rebound.
1:10 of 1st overtime period - Patrice Bergeron wins face-off versus Patrik Laine in Lightning zone.
1:46 of 1st overtime period - Shot by Patrik Laine.
1:46 of 1st overtime period - Shot Misses the Net.
2:15 of 1st overtime period - Icing by Brock Nelson.
2:16 of 1st overtime period - Brock Nelson wins face-off versus Nick Bonino in Lightning zone.
2:16 of 1st overtime period - Brock Nelson is hit by Eric Robinson.
2:30 of 1st overtime period - Shot by Brock Nelson.
2:30 of 1st overtime period - Shot Misses the Net.
2:32 of 1st overtime period - Shot by Brock Nelson.
2:32 of 1st overtime period - Shot Misses the Net.
2:43 of 1st overtime period - Shot by Brock Nelson.
2:43 of 1st overtime period - Shot Blocked by Nick Bonino.
2:45 of 1st overtime period - Shot by Alex Killorn.
2:45 of 1st overtime period - Shot Blocked by Luke Schenn.
2:47 of 1st overtime period - Shot by Alex Killorn.
2:47 of 1st overtime period - Deflect By Brock Nelson.
2:47 of 1st overtime period - Stopped by Joel Hofer without a rebound.
2:48 of 1st overtime period - Patrice Bergeron wins face-off versus Patrik Laine in Rangers zone.
3:23 of 1st overtime period - Shot by Anthony Beauvillier.
3:23 of 1st overtime period - Stopped by Jacob Markstrom without a rebound.
3:24 of 1st overtime period - Nick Bonino wins face-off versus Brock Nelson in Lightning zone.
3:31 of 1st overtime period - Shot by Eric Robinson.
3:31 of 1st overtime period - Stopped by Jacob Markstrom with a rebound.
3:33 of 1st overtime period - Shot by Nick Bonino.
3:33 of 1st overtime period - Shot Misses the Net.
3:35 of 1st overtime period - Shot by Nick Bonino.
3:35 of 1st overtime period - Shot Hit the Post.
3:37 of 1st overtime period - Shot by Eric Robinson.
3:37 of 1st overtime period - Shot Blocked by Brock Nelson.
3:39 of 1st overtime period - Shot by Eric Robinson.
3:39 of 1st overtime period - Goal by Eric Robinson - Lightning : 3 - Rangers : 4.
Goals for this period are 0 for Lightning vs 1 for Rangers.
Shots for this period are 3 for Lightning vs 5 for Rangers.